 Dungeon Crawl Stone Soup version 0.14-a0-2061-g6c6fb9c (webtiles) character file.

11766 M4edhros the Slinger (level 11, -3/60 (63) HPs)
             Began as an Octopode Hunter on Jan 21, 2014.
             Was a High Priest of Fedhas.
             Killed by divine providence
             ... invoked by an orc priest
              (11 damage)
             ... on Level 2 of the Orcish Mines.
             The game lasted 00:57:33 (14294 turns).

M4edhros the Slinger (Octopode Hunter)             Turns: 14294, Time: 00:57:33

HP  -3/60 (63)   AC  1     Str 12      XL: 11   Next: 76%
MP  27/27        EV 12     Int 13      God: Fedhas [*****.]
Gold 415         SH  0     Dex 14      Spells:  1 memorised, 11 levels left

rFire  . . .     SeeInvis .     b - +3 sling
rCold  . . .     Clarity  .     (no shield)
rNeg   . . .     Conserve .     (helmet restricted)
rPois  .         rCorr    .     (no amulet)
rElec  .         rRot     .     (no ring)
SustAb . .       Spirit   .     (no ring)
rMut   .         Warding  .     (no ring)
Saprov . . .     Stasis   .     (no ring)
MR     .....                    (no ring)
                                (no ring)
                                (no ring)
                                (no ring)

@: about to teleport, very slightly contaminated, hasted, very quick, not
resistant to hostile enchantments, stealthy
A: almost no armour, amphibious, 8 rings, constrict 8, camouflage 1, clumsy 1,
gelatinous body 1
a: Evolution, Sunlight, Growth, Reproduction, Rain, Renounce Religion


You were on level 2 of the Orcish Mines.
You worshipped Fedhas.
Fedhas was extremely pleased with you.
You were very hungry.

You visited 2 branches of the dungeon, and saw 13 of its levels.
You visited 1 bazaar.
You also visited: Sewer.

You collected 1224 gold pieces.
You spent 809 gold pieces at shops.

Inventory:

Hand weapons
 b - a +3,+3 sling (weapon)
 d - the +12,+6 quarterstaff "Koume" {freeze, +Rage rPois Dex+1}
   (You bought it in a shop in a bazaar)

   It has been specially enchanted to freeze those struck by it, causing extra
   injury to most foes and up to double damage against particularly susceptible
   opponents.
   It can also slow down cold-blooded creatures.
   It affects your dexterity (+1).
   It protects you from poison.
   It lets you go berserk.
 q - a +0,+3 orcish trident of piercing
Missiles
 a - 43 stones
 g - 11 poisoned sling bullets
 s - 15 sling bullets (quivered)
Magical devices
 f - a wand of lightning (5)
Comestibles
 c - 4 honeycombs
 i - a royal jelly
 j - 24 grapes
 m - 3 pears
Scrolls
 e - 4 scrolls of remove curse
 l - 2 scrolls of teleportation
 p - 2 scrolls of identify
 w - a scroll of curse jewellery {unknown}
Potions
 r - 5 potions of flight
 v - a potion of lignification {unknown}
Books
 k - a book of the Sky

   Spells                             Type                      Level
   *Flight                            Charms/Air                   3
   Airstrike                          Air                          4
   Silence                            Hexes/Air                    5
   Deflect Missiles                   Charms/Air                   6
   Conjure Ball Lightning             Conjuration/Air              6
   Tornado                            Air                          9
Magical staves
 n - an uncursed staff of conjuration
 u - an uncursed staff of death


   Skills:
 - Level 1.0 Fighting
 + Level 13.3 Slings
 - Level 2.0 Dodging
 - Level 1.3 Stealth
 + Level 2.0 Spellcasting
 + Level 2.8 Charms
 + Level 2.2 Air Magic
 * Level 12.6 Invocations


You had 11 spell levels left.
You knew the following spells:

 Your Spells              Type           Power        Failure   Level  Hunger
a - Flight                Chrm/Air       #.........   28%         3    ####...


Dungeon Overview and Level Annotations

Branches:
Dungeon (9/16)             Temple (0/1) D:6             Orc (4/4) D:9
    Elf (0/3) Orc:3
   Lair: D:8-11

Altars:
Ashenzari
Dithmengos
Elyvilon
Fedhas
Nemelex Xobeh
Okawaru
Sif Muna
Trog

Shops:
D:4 ?   Orc:3 }   Orc:4 (*[=


Innate Abilities, Weirdness & Mutations

You cannot wear most types of armour.
You are amphibious.
You can wear up to eight rings at the same time.
You can use your tentacles to constrict many enemies at once.
Your skin changes colour to match your surroundings (Stlth).
Your rubbery body absorbs attacks (AC +1).
You are clumsy. (Dex -2)


Message History

Your wandering mushroom hits the ogre!
The ogre dies!
Your Spellcasting skill increases to level 2!
Your wandering mushroom hits the orc warrior!
The orc warrior is engulfed in a cloud of spores!
The orc warrior appears confused.
You are very lightly contaminated with residual magic.
Your wandering mushroom hits something.
The orc carefully avoids the shaft.
You feel a bit more experienced. The orc barely misses you.
The orc priest prays to Beogh.
You feel a wave of unholy energy pass over you.
You are feeling very hungry.
Read which item? (? for menu, Esc to quit)
As you read the scroll of teleportation, it crumbles to dust.
You feel strangely unstable.
The orc priest invokes the aid of Beogh against you.
Something smites you!
You die...
Fedhas appreciates your contribution to the ecosystem.

.#. . .... .
.#....#.###
#......##$#### ##
#.##.....o....#.##.##
#..#........o.oo.....#
............({##.#..##
..........^(.{.##...#
......(..#..$..o@#.##
.....#f#..........##
...o..>f..f.........
......of)........$...#
..#...o.............##
......(........###...
........#.#..... #.##
.<#..#$..####.$ ##
..#.##.# .


You could see an orc priest, 2 orcs and a friendly wandering mushroom.

Vanquished Creatures
  An orc sorcerer (Orc:4)
  A troll (Orc:3)
  Eustachio (D:7)
  A mottled dragon (D:7)
  A sky beast (D:8)
  A necrophage (D:6)
  A phantom (D:4)
  2 ice beasts (D:8)
  6 orc warriors
  A dwarf (Orc:2)
  5 ogres
  2 wargs (D:9)
  9 killer bees (D:8)
  2 wights (D:8)
  5 hounds
  3 crimson imps
  A goliath beetle (D:8)
  3 big fish
  2 giant frog skeletons (D:4)
  9 orc priests
  17 orc wizards
  6 worker ants
  A hound skeleton (D:5)
  10 gnolls
  16 adders
  A green rat (D:3)
  3 giant mites
  13 worms
  3 grey rats (D:3)
  3 giant eyeballs
  5 giant geckos
  5 oozes
  93 orcs
  A ball python (D:3)
  18 bats
  A bat skeleton (D:4)
  8 giant cockroaches
  14 hobgoblins
  12 jackals
  5 quokkas
  11 giant newts
  A giant newt skeleton (D:5)
  10 goblins
  10 kobolds
  6 rats
330 creatures vanquished.

Vanquished Creatures (collateral kills)
  2 orc warlords (Orc:4)
  3 orc high priests (Orc:4)
  2 orc knights
  4 orc sorcerers (Orc:4)
  The ghost of Tolias the Sneak, an experienced NaEn of Dithmengos (D:6)
  A queen bee (D:8)
  The ghost of mopl the Insei, an average DgTm (D:5)
  An ice beast (D:7)
  A dwarf (Orc:2)
  20 orc warriors
  3 sky beasts
  2 ogres
  A centaur (D:6)
  3 wargs
  Blork the orc (D:7)
  9 killer bees
  A troll skeleton (D:8)
  A wight (D:8)
  A crimson imp (D:5)
  6 orc priests
  A jelly (D:8)
  A worker ant (D:6)
  17 orc wizards
  A crocodile skeleton (D:8)
  An adder (D:6)
  A worm (D:4)
  A giant gecko (D:8)
  66 orcs
  A hobgoblin (D:6)
  3 goblins (Orc:4)
  A kobold (D:5)
  A rat (D:7)
159 creatures vanquished.

Vanquished Creatures (others)
  13 wandering mushrooms
  A killer bee zombie (D:5)
  A worker ant zombie (D:4)
  A scorpion zombie (D:8)
  2 giant spores
  A rat (D:7)
  249 toadstools
268 creatures vanquished.

Grand Total: 757 creatures vanquished

Notes
Turn   | Place    | Note
--------------------------------------------------------------
     0 | D:1      | M4edhros, the Octopode Hunter, began the quest for the Orb.
     0 | D:1      | Reached XP level 1. HP: 13/13 MP: 1/1
   129 | D:1      | Reached XP level 2. HP: 18/18 MP: 2/2
   597 | D:2      | Reached skill level 5 in Slings
   597 | D:2      | Reached XP level 3. HP: 23/23 MP: 3/3
   786 | D:2      | Reached XP level 4. HP: 28/28 MP: 4/4
   837 | D:2      | Found a bloodstained altar of Trog.
  1198 | D:3      | Reached skill level 6 in Slings
  1198 | D:3      | Reached XP level 5. HP: 9/33 MP: 5/5
  1577 | D:3      | Found a white marble altar of Elyvilon.
  1789 | D:3      | Found a glowing drain.
  1945 | Sewer    | Entered a sewer
  2313 | Sewer    | Reached skill level 7 in Slings
  2409 | Sewer    | Reached XP level 6. HP: 38/38 MP: 6/6
  2885 | D:3      | Found a blossoming altar of Fedhas.
  2910 | D:3      | Became a worshipper of Fedhas Madash
  2934 | D:3      | Noticed an oklob plant
  3089 | D:3      | Found a deep blue altar of Sif Muna.
  3365 | D:4      | Found Gear's Magic Scroll Emporium.
  3378 | D:4      | Bought a scroll of enchant weapon I for 77 gold pieces
  3395 | D:4      | Reached skill level 8 in Slings
  3395 | D:4      | Reached XP level 7. HP: 43/43 MP: 7/7
  3653 | D:4      | Reached skill level 9 in Slings
  3927 | D:3      | Paralysed by a giant eyeball for 4 turns
  4337 | D:5      | Entered Level 5 of the Dungeon
  4337 | D:5      | Found a sparkling altar of Nemelex Xobeh.
  4668 | D:5      | Noticed mopl's ghost (average DgTm)
  4692 | D:6      | Reached XP level 8. HP: 31/47 MP: 8/8
  5097 | D:6      | Reached skill level 10 in Slings
  5240 | D:6      | Noticed Tolias' ghost (experienced NaEn)
  5291 | D:6      | Acquired Fedhas' first power
  5563 | D:6      | Found a staircase to the Ecumenical Temple.
  5613 | D:6      | Killed Tolias' ghost
  5740 | D:6      | Found a shadowy altar of Dithmengos.
  5850 | D:5      | Killed mopl's ghost
  5850 | D:5      | Reached skill level 1 in Invocations
  6434 | D:5      | Found a shattered altar of Ashenzari.
  6614 | D:5      | Reached skill level 11 in Slings
  6825 | D:4      | Reached XP level 9. HP: 30/50 MP: 14/16
  7198 | D:4      | Acquired Fedhas' second power
  7231 | D:4      | Reached skill level 5 in Invocations
  7553 | D:7      | Noticed Eustachio
  7604 | D:7      | Identified a scroll of acquirement
  7625 | D:7      | Gained mutation: You are clumsy. (Dex -2) [mutagenic meat]
  7718 | D:7      | Noticed Blork the orc
  7732 | D:7      | Killed Blork the orc
  8268 | D:7      | Killed Eustachio
  8881 | D:8      | Paralysed by a giant eyeball for 2 turns
  9339 | D:8      | Reached XP level 10. HP: 34/55 MP: 12/21
  9576 | D:8      | Reached skill level 12 in Slings
  9796 | D:8      | Found a blossoming altar of Fedhas.
 10272 | D:9      | Found a staircase to the Orcish Mines.
 10566 | Orc:1    | Entered Level 1 of the Orcish Mines
 10597 | Orc:1    | Acquired Fedhas' third power
 11095 | Orc:2    | Found an iron altar of Okawaru.
 11308 | Orc:3    | Found a staircase to the Elven Halls.
 11441 | Orc:2    | Noticed an orc knight
 11455 | Orc:4    | Entered Level 4 of the Orcish Mines
 11534 | Orc:4    | Acquired Fedhas' fourth power
 11623 | Orc:4    | Noticed an orc sorcerer
 11632 | Orc:4    | Reached skill level 10 in Invocations
 11638 | Orc:4    | Killed an orc sorcerer
 11641 | Orc:4    | Noticed an orc warlord
 11643 | Orc:4    | Noticed an orc sorcerer
 11651 | Orc:4    | Killed an orc warlord
 11654 | Orc:4    | Noticed a soul eater
 11656 | Orc:4    | Killed an orc sorcerer
 11656 | Orc:4    | Reached XP level 11. HP: 15/60 MP: 20/25
 11663 | Orc:4    | Noticed an orc high priest
 11666 | Orc:4    | Killed an orc high priest
 11724 | Orc:4    | Found a flickering gateway to a bazaar.
 11734 | Orc:4    | Killed an orc knight
 11734 | Orc:4    | Reached skill level 13 in Slings
 11740 | Orc:4    | Noticed an orc high priest
 11743 | Orc:4    | Killed an orc high priest
 11758 | Orc:4    | Found Untanemo's General Store.
 11762 | Orc:4    | Noticed an orc high priest
 11769 | Orc:4    | Killed an orc high priest
 11816 | Orc:4    | Killed an orc sorcerer
 11826 | Bazaar   | Entered a bazaar
 11826 | Bazaar   | Found Caasaan's Antique Weapon Boutique.
 11826 | Bazaar   | Found Kluag's Gadget Shop.
 11826 | Bazaar   | Found Xassadi's Book Shop.
 11853 | Bazaar   | Bought a steaming quarterstaff for 126 gold pieces
 11854 | Bazaar   | Identified the +12,+6 quarterstaff "Koume" {freeze, +Rage rPois Dex+1} (You bought it in a shop in a bazaar)
 11855 | Bazaar   | Bought a sling for 21 gold pieces
 11867 | Bazaar   | Bought a book of the Sky for 585 gold pieces
 11873 | Bazaar   | Learned a level 3 spell: Flight
 11936 | Orc:4    | Killed an orc sorcerer
 11941 | Orc:4    | Acquired Fedhas' fifth power
 11958 | Orc:4    | Noticed an orc sorcerer
 11962 | Orc:4    | Killed an orc sorcerer
 12056 | Orc:4    | Noticed an orc warlord
 12065 | Orc:4    | Killed an orc warlord
 12065 | Orc:4    | Reached skill level 1 in Spellcasting
 12065 | Orc:4    | Reached skill level 1 in Charms
 12065 | Orc:4    | Reached skill level 1 in Air Magic
 12463 | Orc:4    | Found Esonlyna's Antique Weapon Shop.
 12553 | Orc:4    | Found Shuoqiaq's Jewellery Boutique.
 12657 | Orc:4    | Found Adofaut's Antique Armour Shop.
 13236 | Orc:3    | Found Bacaj's Gadget Shoppe.
 14179 | Orc:1    | Killed an orc knight
 14283 | Orc:2    | HP: 1/60 [something/puff of flame (13)]
 14294 | Orc:2    | Killed from afar by an orc priest

Action                   |  1- 3 |  4- 6 |  7- 9 | 10-12 || total
-------------------------+-------+-------+-------+-------++-------
Melee: Trident           |       |    79 |   211 |    42 ||   332
       Short sword       |       |    15 |       |       ||    15
       Sling             |       |       |    13 |       ||    13
 Fire: Sling             |    66 |   104 |   173 |   417 ||   760
Invok: Evolution         |       |       |    11 |     8 ||    19
       Sunlight          |       |       |    11 |     6 ||    17
       Growth            |       |       |       |     1 ||     1
Evoke: Wand              |       |       |       |     2 ||     2
  Use: Scroll            |     4 |     8 |    14 |     2 ||    28
       Potion            |     3 |     4 |     6 |     3 ||    16
 Stab: Sleeping          |       |     6 |    10 |     4 ||    20
       Distracted        |       |       |     4 |       ||     4
